 Dungeon Sprint DCSS version 0.26-a0-1026-g544776af23 (webtiles) character file.

Game seed: 2657810552893563610

56 sahdkjhfkaj the Ruffian (level 5, -5/55 HPs)
             Began as a Troll Monk on Dec 9, 2020.
             Was a High Priest of Cheibriados.
             Slain by a red devil
             ... wielding a +0 trident
              (20 damage)
             ... in the Dungeon (Sprint VI: "Thunderdome").
             The game lasted 00:00:41 (321 turns).

sahdkjhfkaj the Ruffian (Troll Monk)                 Turns: 321, Time: 00:00:42

Health: -5/55      AC:  6    Str: 30    XL:     5   Next: 16%
Magic:  8/8        EV: 11    Int: 18    God:    Cheibriados [*****.]
Gold:   220        SH:  0    Dex: 23    Spells: 9/9 levels left

rFire    . . .     SeeInvis .     - Unarmed
rCold    . . .     Faith    .   (no shield)
rNeg     . . .     Spirit   .   a - +0 robe
rPois    .         Reflect  .   (helmet restricted)
rElec    .         Harm     .   (no cloak)
rCorr    .         Rampage  .   (gloves unavailable)
Will     .....     NoTele   +   (boots unavailable)
Stlth    ++........             (no amulet)
HPRegen  0.58/turn              (no ring)
MPRegen  0.11/turn              (no ring)

@: very slow
A: large, unfitting armour, claws 3, regeneration 1, shaggy fur 1, tough skin 3
a: Bend Time, Temporal Distortion, Slouch, Step From Time, Renounce Religion


You were in the Dungeon.
You worshipped Cheibriados.
Cheibriados was extremely pleased with you.
You visited 1 branch You collected 220 gold pieces.

Inventory:

Armour
 a - a +0 robe (worn)
Wands
 h - a wand of acid (5)
 i - a wand of iceblast (5)
Scrolls
 g - 4 scrolls of blinking
 j - 3 scrolls of fog
Potions
 b - a potion of curing
 c - 4 potions of heal wounds
 d - 4 potions of haste
 e - 2 potions of magic
 f - a potion of berserk rage
 k - a potion of resistance


   Skills:
 + Level 4.5 Fighting
 - Level 2.4 Dodging
 - Level 1.0 Stealth
 + Level 5.5 Unarmed Combat
 + Level 2.7 Spellcasting
 + Level 3.3 Transmutations
 + Level 4.0 Earth Magic


You had 9 spell levels left.
You didn't know any spells.
Your spell library was empty.

Dungeon Overview and Level Annotations

Branches:
Dungeon (1/1)

Altars:
Cheibriados
Dithmenos
Fedhas
Gozag
Kikubaaqudgha
Makhleb
Okawaru
Qazlal
Ru
Sif Muna
Trog
Uskayaw
Vehumet
Wu Jian
Xom
Yredelemnul
Zin
The Shining One
Beogh
Jiyva
Lugonu

Shops:
D *[??*?*:[((!!!!


Innate Abilities, Weirdness & Mutations

You are too large for most types of armour.
You have claws for hands.
Your natural rate of healing is unusually fast.
You are covered in fur. (AC +1)
You have extremely tough skin. (AC +3)


Message History

ROUND 3!
FIGHT!
You sense a tension in the west.
A red devil comes into view. It is wielding a +0 trident.
A red devil is nearby!
A red devil is nearby!
Unknown command.
Unknown command.
The red devil hits you from afar with a +0 trident.
Unknown command.
The red devil hops backward while attacking.
The red devil hits you from afar with a +0 trident!!
The red devil barely misses you.
The red devil hops backward while attacking.
The red devil hits you from afar with a +0 trident!
* * * LOW HITPOINT WARNING * * *
Unknown command.
The red devil closely misses you.
The red devil hops backward while attacking.
The red devil hits you from afar with a +0 trident!!
You die...

#⌠⌠⌠## #.....# ##.....##
##∩.....∩## #∩.......∩#
#_4......_# #_......._#
#_@......_# ###.........###
#⌠...........⌠#
######.8.........8.######
##.___......###..)...._.∩##
###∩........8.# #.8........∩#
##.............###............
#⌠..........###...###.........
#⌠).........# #.<.# #.........


You could see a red devil.

Vanquished Creatures
  2 big kobolds (D)
  A river rat (D)
  A goblin (D)
  2 hobgoblins (D)
  A kobold (D)
  A quokka (D)
  4 rats (D)
12 creatures vanquished.

Notes
Turn   | Place    | Note
-------+----------+-------------------------------------------
     0 | D        | sahdkjhfkaj the Troll Monk began the quest for the Orb.
     0 | D        | Reached XP level 1. HP: 22/22 MP: 0/0
     1 | D        | Found a stormy altar of Qazlal.
     1 | D        | Found a glowing silver altar of Zin.
     2 | D        | Found a snail-covered altar of Cheibriados.
     2 | D        | Found an iron altar of Okawaru.
     3 | D        | Found a roughly hewn altar of Beogh.
     3 | D        | Found a burning altar of Makhleb.
     4 | D        | Found a viscous altar of Jiyva.
     4 | D        | Found Qojarri's Premium Goods.
     4 | D        | Found Oceored's Weapon Rack.
     5 | D        | Found Gipare Sigi's Miscellaneous Merchandise.
     5 | D        | Found Ozxist Vesu's Basic Armour.
     5 | D        | Round 1.
     7 | D        | Found a shimmering altar of Xom.
     8 | D        | Found an ancient bone altar of Kikubaaqudgha.
     9 | D        | Found a hide-covered altar of Uskayaw.
    10 | D        | Found Gotuw's Do-It-Yourself Clinic.
    10 | D        | Found a bloodstained altar of Trog.
    10 | D        | Found Delohufo's Distillery.
    11 | D        | Found Pegh's Bottled Wisdom.
    11 | D        | Found Ludez's Distillery.
    15 | D        | Found a blossoming altar of Fedhas.
    15 | D        | Noticed a big kobold
    16 | D        | Found a shadowy altar of Dithmenos.
    17 | D        | Found a radiant altar of Vehumet.
    18 | D        | Found Jyotuy Tioh's Staff Store.
    19 | D        | Found Zoisor Uruv's Must-Have Magic.
    19 | D        | Found Optegor's Magic Scroll Shop.
    28 | D        | Killed a big kobold
    29 | D        | Reached skill level 4 in Unarmed Combat
    29 | D        | Reached skill level 1 in Spellcasting
    29 | D        | Reached XP level 2. HP: 22/32 MP: 0/3
    29 | D        | Reached XP level 3. HP: 27/39 MP: 0/4
    29 | D        | Reached XP level 4. HP: 33/48 MP: 0/5
    29 | D        | Found a sacrificial altar of Ru.
    29 | D        | Found an opulent altar of Gozag.
    29 | D        | Found a corrupted altar of Lugonu.
    29 | D        | Found Geimo's Magic Scroll Shop.
    33 | D        | Found a basalt altar of Yredelemnul.
    34 | D        | Found an ornate altar of the Wu Jian Council.
    37 | D        | Found a shimmering blue altar of Sif Muna.
    38 | D        | Found Kuov's Jewellery.
    38 | D        | Found Tikhlef's Advanced Armour.
    39 | D        | Found a glowing golden altar of the Shining One.
    39 | D        | Found Zoyseol Hiuj's Identification Station.
    48 | D        | Became a worshipper of Cheibriados the Contemplative
    48 | D        | Reached * piety under Cheibriados
    48 | D        | Reached ** piety under Cheibriados
   132 | D        | Noticed a big kobold
   142 | D        | Killed a big kobold
   143 | D        | Reached skill level 5 in Unarmed Combat
   143 | D        | Reached XP level 5. HP: 54/55 MP: 7/7
   147 | D        | Reached *** piety under Cheibriados
   147 | D        | Arena points: 14 (+14) [x2]
   188 | D        | Round 2.
   236 | D        | Reached **** piety under Cheibriados
   292 | D        | Reached ***** piety under Cheibriados
   292 | D        | Arena points: 56 (+42) [x3]
   313 | D        | Round 3.
   314 | D        | Noticed a red devil
   321 | D        | Slain by a red devil

Illustrated notes

Levels and vault maps discovered:
D:        arena_sprint

Skill      XL: |  1  2  3  4  5 |
---------------+----------------+-----
Fighting       | 3 4 |  4.5
Unarmed Combat | 4 5 |  5.5
Spellcasting   | 1 2 |  2.7
Transmutations | 2 3 |  3.3
Earth Magic    | 2 3 4 |  4.0
Dodging        | |  2.4
Stealth        | |  1.0

Action                   |  1- 3 |  4- 6 || total
-------------------------+-------+-------++-------
Melee: Unarmed           |     9 |    27 ||    36
       Punch             |       |     2 ||     2
Armor: Robe              |     3 |     8 ||    11
Dodge: Dodged            |     1 |    21 ||    22

Table legend: (Time is in decaauts)
 A = Elapsed time spent in this place.
 B = Non-inter-level travel time spent in this place.
 C = Inter-level travel time spent in this place.
 D = Time resting spent in this place.
 E = Time spent auto-exploring this place.
 F = Levels seen in this place.
 G = Mean time per level.
                   A        B        C        D        E       F      G
               +--------+--------+--------+--------+--------+-----+--------+
         Total |    334 |    334 |      0 |    219 |      0 |   1 |  334.0 |
       Dungeon |    334 |    334 |      0 |    219 |      0 |   1 |  334.0 |
               +--------+--------+--------+--------+--------+-----+--------+

Top non-repeatable levels by time:
       D: 334 daAuts
